 Dungeon Crawl Stone Soup version 0.31-a0-187-gba352fbbf7 (webtiles) character file.

Game seed: 1108474716301275295

209 ketsa the Slasher (level 5, -9/29 HPs)
             Began as a Vine Stalker Fighter on June 22, 2023.
             Mangled by an iguana (10 damage)
             ... on level 4 of the Dungeon.
             The game lasted 00:06:12 (2411 turns).

ketsa the Slasher (Vine Stalker Fighter)            Turns: 2411, Time: 00:06:13

Health: -9/29      AC:  6    Str: 19    XL:     5   Next: 87%
Magic:  0/6        EV:  9    Int:  8    God:
Gold:   243        SH:  5    Dex: 15    Spells: 3/4 levels left

rFire   + . .        a - +0 long sword
rCold   . . .        c - +0 buckler
rNeg    . . .        b - +0 scale mail
rPois   +            (no helmet)
rElec   .            (no cloak)
rCorr   .            (no gloves)
SInv    .            (no boots)
Will    .....        (no amulet) Stlth
                     k - ring of protection from fire
HPRegen 1.04/turn    i - ring of poison resistance
MPRegen 0.10/turn

%: guardian spirit
@: mighty, lethally poisoned (-9 -> -9), hasted, very quick
A: fangs 2, regeneration 1, magic shield, antimagic bite, no potion heal 2
a: no special abilities


You were on level 4 of the Dungeon.
You visited 1 branch of the dungeon, and saw 4 of its levels.

You collected 243 gold pieces.

Inventory:

Hand Weapons
 a - a +0 long sword (weapon)
 u - a +0 dagger of venom
Missiles
 f - 11 poisoned darts
 m - 5 javelins
Armour
 b - a +0 scale mail (worn)
 c - a +0 buckler (worn)
Jewellery
 i - a ring of poison resistance (right hand)
 k - a ring of protection from fire (left hand)
Scrolls
 e - a scroll of identify
 g - a scroll of teleportation {unknown}
 h - a scroll of brand weapon {unknown}
 j - a scroll of enchant armour {unknown}
 l - a scroll of immolation {unknown}
 p - 2 scrolls of blinking {unknown}
 r - a scroll of poison {unknown}
 s - a scroll of noise {unknown}
 t - a scroll of amnesia {unknown}
Potions
 d - a potion of might
 o - a potion of cancellation
 q - a potion of invisibility


   Skills:
 + Level 3.6 Fighting
 * Level 3.9 Long Blades
 - Level 2.4 Armour
 + Level 3.7 Shields


You had 3 spell levels left.
You knew the following spells:

 Your Spells              Type           Power      Damage    Failure   Level
a - Slow                  Hex            0%         N/A       86%         1

Your spell library contained the following spells:

 Spells                   Type           Power      Damage    Failure   Level
 Cigotuvi's Dreadful Rot  Necr/Pois/Air  0%         N/A       94%         2
 Confusing Touch          Hex            0%         N/A       99%         3
 Ignite Poison            Fire/Tmut/Pois 0%         N/A       99%         3
 Vampiric Draining        Necr           0%         2d6       99%         3
 Freezing Cloud           Conj/Ice/Air   0%         6-21      100%        5


Dungeon Overview and Level Annotations

Branches:
Dungeon (4/15)             Temple (0/1) D:4

Altars:

Annotations:
D:4 Dowan, Duvessa


Innate Abilities, Weirdness & Mutations

You have extremely sharp teeth.
Your natural rate of healing is unusually fast.
When hurt, damage is shared between your health and your magic reserves.
Your bite disrupts and absorbs the magic of your enemies.
Potions cannot restore your health.


Message History

There is an open door here.
You slash the jelly! The acid corrodes you!
Your hands burn!
You bite the jelly, but do no damage.
The jelly is heavily wounded.
The jelly closely misses you.
You slash the jelly!
You kill the jelly!
You open the door.
An iguana and a scorpion come into view.
The iguana moves out of view.
There is an open door here.
The scorpion closely misses you.
The iguana bites you but does no damage.
You hit the iguana but do no damage. You block the scorpion's attack.
The iguana bites you!
The scorpion stings you but does no damage.
You hit the iguana but do no damage. You bite the iguana, but do no damage.
The iguana bites you. The scorpion stings you.
You are poisoned.
The scorpion poisons you!
You slash the iguana! Your bite misses the iguana.
The iguana is heavily wounded.
You feel very sick. The scorpion barely misses you.
You block the iguana's attack. The scorpion closely misses you.
The iguana bites you!
* * * LOW HITPOINT WARNING * * *
You closely miss the iguana.
The iguana is heavily wounded.
You are no longer corroded.
You feel sick. The scorpion barely misses you. The iguana bites you!
* * * LOW HITPOINT WARNING * * *
Okay, then.
Okay, then.
You feel yourself speed up.
You feel sick. You block the scorpion's attack. The iguana barely misses you.
You feel very mighty all of a sudden.
You feel sick.
The scorpion stings you but does no damage.
The iguana bites you!
You die...

).###.....#
#...........
..###....##
##.)........
#..##...##
##..#'##.... .#..##..#
###..##..## #
......#.####..###....#
.............####....+
##..........##..##..##
##.....###.#..sl'###
#.....# ###...@##
##....# ##..## #.....
#+# ##.... #.... ##..


You could see a scorpion and an iguana.

Vanquished Creatures
  A jelly (D:4)
  A hound (D:3)
  8 adders
  4 worms
  2 dart slugs (D:1)
  4 bats
  3 endoplasms
  4 giant cockroaches
  7 hobgoblins
  4 jackals (D:1)
  4 quokkas
  A ball python (D:4)
  3 frilled lizards
  7 goblins
  8 kobolds
  5 rats
66 creatures vanquished.

Notes
Turn   | Place    | Note
-------+----------+-------------------------------------------
     0 | D:1      | ketsa the Vine Stalker Fighter began the quest for the Orb.
     0 | D:1      | Reached XP level 1. HP: 11/11 MP: 2/2
   144 | D:1      | Reached XP level 2. HP: 16/16 MP: 3/3
   302 | D:1      | Reached XP level 3. HP: 15/20 MP: 2/4
   824 | D:2      | Gained mutation: Your natural rate of healing is unusually
                  | fast. [Vine Stalker growth]
   824 | D:2      | Reached XP level 4. HP: 16/24 MP: 5/5
  1379 | D:3      | Reached XP level 5. HP: 27/28 MP: 4/6
  1935 | D:4      | Noticed Dowan
  1936 | D:4      | Noticed Duvessa
  2216 | D:4      | Found a staircase to the Ecumenical Temple.
  2221 | D:4      | Learned a level 1 spell: Slow
  2411 | D:4      | HP: 1/29 [poisoned by a scorpion]
  2411 | D:4      | Mangled by an iguana

Illustrated notes

Levels and vault maps discovered:
D:1:      sevenhm_arrival_forest_fort_large_2, layout_rooms
D:2:      layout_rooms
D:3:      layout_basic, kennysheep_big_empty_room
D:4:      minmay_bubble_buster, layout_cave_pods, minmay_temple_entry_wispy,
          uniq_duvessa

Skill      XL: |  1  2  3 |
---------------+----------+-----
Long Blades    | 2 3 |  3.9
Shields        | 3 |  3.7
Fighting       | 3 |  3.6
Armour         | |  2.4

Action                     |  1- 3 |  4- 6 || total
---------------------------+-------+-------++-------
  Melee: Long sword        |    98 |   124 ||   222
         Bite              |    22 |    26 ||    48
    Use: Scroll            |       |     4 ||     4
         Potion            |       |     2 ||     2
 Armour: Scale mail        |    58 |    43 ||   101
  Dodge: Dodged            |    48 |    59 ||   107
  Block: Buckler           |    25 |    37 ||    62

Table legend: (Time is in decaauts)
 A = Elapsed time spent in this place.
 B = Non-inter-level travel time spent in this place.
 C = Inter-level travel time spent in this place.
 D = Time resting spent in this place.
 E = Time spent auto-exploring this place.
 F = Levels seen in this place.
 G = Mean time per level.
                   A        B        C        D        E       F      G
               +--------+--------+--------+--------+--------+-----+--------+
         Total |   2474 |   2304 |    170 |    155 |   1349 |   4 |  618.5 |
       Dungeon |   2474 |   2304 |    170 |    155 |   1349 |   4 |  618.5 |
               +--------+--------+--------+--------+--------+-----+--------+

Top non-repeatable levels by time:
     D:3: 807 daAuts
     D:1: 709 daAuts
     D:2: 584 daAuts
     D:4: 373 daAuts
